 Dungeon Crawl Stone Soup version 0.31-a0-716-gc7603755dd (webtiles) character file.

Game seed: 2094061190202053245

490363 MackTheKnife the Maledictor (level 23, -9/196 HPs)
             Began as a Demonspawn Enchanter on Sept 10, 2023.
             Was a High Priest of Ru.
             Mangled by a spriggan defender
             ... wielding a +5 rapier of venom
              (11 damage)
             ... on level 4 of the Depths on Sept 11, 2023.
             The game lasted 02:18:36 (63948 turns).

MackTheKnife the Maledictor (Demonspawn Enchanter) Turns: 63948, Time: 02:18:37

Health: -9/196     AC: 19    Str:  9    XL:     23   Next: 57%
Magic:  39/39      EV: 27    Int: 19    God:    Ru [*****.]
Gold:   6025       SH:  5    Dex: 29    Spells: 11/46 levels left

rFire   + . .        b - +11 Screaming Sword {sonic wave}
rCold   . . .        (no shield)
rNeg    + + .        K - quicksilver dragon scales "Jepnif" {Will+ rCorr, rare}
rPois   +            (helmet unavailable)
rElec   +            Z - +2 cloak of the Thief {*Fog Slay-2 SInv Stlth+}
rCorr   +            (gloves unavailable)
SInv    +            j - +2 pair of boots
Will    +....        h - amulet of reflection
Stlth   +++++++      y - ring of Fojelauq {rElec rPois rN++ Will- AC+4}
HPRegen 0.52/turn    a - ring "Cucag" {rF+ Dex+7 Stlth+}
MPRegen 0.26/turn

%: inaccuracy (-5), repel missiles, reflection
@: no status effects
A: repulsion field 3, ignite blood 3, black mark, hated by all, inability to
train armour, no ice magic, no necromancy magic, no transmutations magic,
missing an eye, demonic magic 3, bedeviling, aura of silence, demonic touch 3,
no forms, horns 3, screaming 1
}: 3/15 runes: decaying, silver, gossamer
a: Renounce Religion, Sacrifice Essence, Sacrifice Purity, Sacrifice Skill,
Reject Sacrifices, Draw Out Power, Power Leap, Apocalypse


You were on level 4 of the Depths.
You worshipped Ru.
Ru was extremely pleased with you.
You visited 8 branches of the dungeon, and saw 42 of its levels.
You visited the Abyss 1 time.
You visited 1 bazaar.
You also visited: Ossuary and Wizlab.

You collected 8552 gold pieces.
You spent 2527 gold pieces at shops.


Innate Abilities, Weirdness & Mutations

You are surrounded by a strong repulsion field. (EV +4, RMsl)
Your demonic aura causes all spilled blood to erupt in flames.
Your melee attacks may debilitate your foes.
You are hated by all.
You cannot train Armour skill.
You cannot study or cast Ice magic.
You cannot study or cast Necromancy magic.
You cannot study or cast Transmutations magic.
You are missing an eye, making it more difficult to aim.
Spells you cast and wands you use may paralyse nearby enemies.
Your hexes are more powerful.
You are surrounded by an aura of silence.
Your touch may irresistibly damage your foes and sap their willpower.
You cannot voluntarily change form.
You have a pair of large horns on your head.
You occasionally shout uncontrollably at your foes.


   Skills:
 - Level 20.0 Fighting
 - Level 11.2(14.5) Short Blades
 - Level 14.8(16.3) Long Blades
 + Level 15.7 Dodging
 - Level 12.0 Stealth
 - Level 12.0 Spellcasting
 - Level 4.0 Conjurations
 - Level 21.0 Hexes
 + Level 0.0 Translocations
 - Level 6.0 Air Magic
 - Level 4.0 Poison Magic
 - Level 12.0 Evocations


You had 11 spell levels left.
You knew the following spells:

 Your Spells              Type           Power      Damage    Failure   Level
a - Dazzling Flash        Conj/Hex       100%       N/A       1%          3
b - Confusing Touch       Hex            95%        N/A       0%          3
c - Mephitic Cloud        Conj/Pois/Air  29%        N/A       8%          3
d - Silence               Hex/Air        38%        N/A       1%          5
e - Jinxbite              Hex            100%       N/A       0%          2
f - Sigil of Binding      Hex            95%        N/A       0%          3
g - Blink                 Tloc           22%        N/A       26%         2
h - Enfeeble              Hex            47%        N/A       2%          7
i - Cause Fear            Hex            47%        N/A       1%          4
E - Swiftness             Air            34%        N/A       4%          3

Your spell library contained the following spells:

 Spells                   Type           Power      Damage    Failure   Level
 Slow                     Hex            100%       N/A       0%          1
 Inner Flame              Hex/Fire       67%        N/A       1%          3
 Fulminant Prism          Conj/Hex       36%        3d17      1%          4
 Shock                    Conj/Air       100%       1d9       2%          1
 Dimensional Bullseye     Hex/Tloc       33%        N/A       2%          4
 Leda's Liquefaction      Hex/Erth       33%        N/A       2%          4
 Magic Dart               Conj           100%       1d8       3%          1
 Momentum Strike          Conj/Tloc      38%        3d9       11%         2
 Airstrike                Air            17%        2d(3-19)  14%         4
 Lesser Beckoning         Tloc           22%        N/A       26%         2
 Vhi's Electric Charge    Tloc/Air       44%        N/A       43%         4
 Gell's Gravitas          Tloc           11%        N/A       45%         3
 Teleport Other           Tloc           11%        N/A       45%         3
 Volatile Blastmotes      Fire/Tloc      22%        2d11      45%         3
 Arcjolt                  Conj/Air       15%        1d25      52%         5
 Iskenderun's Mystic Bla  Conj/Tloc      19%        2d6       58%         4
 Iskenderun's Battlesphe  Conj           26%        2d8       65%         5
 Manifold Assault         Tloc           11%        N/A       86%         4
 Passage of Golubria      Tloc           11%        N/A       86%         4
 Fireball                 Conj/Fire      9%         3d6       90%         5
 Conjure Ball Lightning   Conj/Air       15%        3x3d6     97%         6
 Lee's Rapid Deconstruct  Erth           5%         3d6*      99%         5
 Leda's Unmaking          Conj/Erth      9%         9d2       100%        6
 Plasma Beam              Fire/Air       11%        2x1d22    100%        6
 Orb of Destruction       Conj           13%        9d7       100%        7
 Lehudib's Crystal Spear  Conj/Erth      9%         10d4      100%        8
 Maxwell's Capacitive Co  Air            17%        ∞         100%        8
 Chain Lightning          Conj/Air       15%        3d20      100%        9
 Fire Storm               Conj/Fire      9%         8d3       100%        9
 Shatter                  Erth           5%         3d8*      100%        9
 Tukima's Dance           Hex            Unusable   N/A       N/A         3
 Ensorcelled Hibernation  Hex/Ice        Unusable   N/A       N/A         2
 Summon Guardian Golem    Hex/Summ       Unusable   N/A       N/A         3
 Anguish                  Hex/Necr       Unusable   N/A       N/A         4
 Metabolic Englaciation   Hex/Ice        Unusable   N/A       N/A         5
 Summon Mana Viper        Hex/Summ       Unusable   N/A       N/A         5
 Yara's Violent Unravell  Hex/Tmut       Unusable   3d14      N/A         5
 Cigotuvi's Dreadful Rot  Necr/Pois/Air  Unusable   N/A       N/A         2
 Kiss of Death            Conj/Necr      Unusable   2d11      N/A         1
 Freeze                   Ice            Unusable   1d6       N/A         1
 Hailstorm                Conj/Ice       Unusable   3d6       N/A         3
 Call Imp                 Summ           Unusable   N/A       N/A         2
 Wereblood                Tmut           Unusable   N/A       N/A         2
 Ignite Poison            Fire/Tmut/Pois Unusable   N/A       N/A         3
 Summon Lightning Spire   Summ/Air       Unusable   N/A       N/A         4
 Call Canine Familiar     Summ           Unusable   N/A       N/A         3
 Frozen Ramparts          Ice            Unusable   1d4       N/A         3
 Ozocubu's Armour         Ice            Unusable   N/A       N/A         3
 Vampiric Draining        Necr           Unusable   2d6       N/A         3
 Animate Armour           Summ/Erth      Unusable   N/A       N/A         4
 Animate Dead             Necr           Unusable   N/A       N/A         4
 Dispel Undead            Necr           Unusable   3d9       N/A         4
 Petrify                  Tmut/Erth      Unusable   N/A       N/A         4
 Summon Ice Beast         Ice/Summ       Unusable   N/A       N/A         4
 Borgnjor's Vile Clutch   Necr/Erth      Unusable   N/A       N/A         5
 Summon Forest            Summ/Tloc      Unusable   N/A       N/A         5
 Death Channel            Necr           Unusable   N/A       N/A         6
 Eringya's Noxious Bog    Tmut/Pois      Unusable   4d6       N/A         6
 Simulacrum               Ice/Necr       Unusable   N/A       N/A         6
 Summon Cactus Giant      Summ           Unusable   N/A       N/A         6
 Haunt                    Necr/Summ      Unusable   N/A       N/A         7
 Monstrous Menagerie      Summ           Unusable   N/A       N/A         7
 Ozocubu's Refrigeration  Ice            Unusable   4d8       N/A         7
 Spellforged Servitor     Conj/Summ      Unusable   N/A       N/A         7
 Summon Hydra             Summ           Unusable   N/A       N/A         7
 Borgnjor's Revivificati  Necr           Unusable   N/A       N/A         8
 Infestation              Necr           Unusable   N/A       N/A         8
 Dragon's Call            Summ           Unusable   N/A       N/A         9

Inventory:

Hand Weapons
 b - the +11 Screaming Sword (weapon) {sonic wave}
   (You bought it in a shop on level 2 of the Orcish Mines)
Armour
 j - a +2 pair of boots (worn)
   (You found it on level 1 of the Dungeon)
 w - the +1 helmet of Ikeugono {Dex+3}
   (You found it on level 3 of the Elven Halls)

   Dex+3:     It affects your dexterity (+3).
 K - the quicksilver dragon scales "Jepnif" (worn) {Will+ rCorr, rare}
   (You found it on level 11 of the Dungeon)

   Will+:     It increases your willpower.
   rCorr:     It protects you from acid and corrosion.
 P - the +5 moon troll leather armour {Spirit, Regen++ MP+5}
   (You took it off a moon troll in a wizard's laboratory)

   MP+5:      It affects your magic capacity (+5).
   Regen++:   It increases your rate of health regeneration.
 Z - the +2 cloak of the Thief (worn) {*Fog Slay-2 SInv Stlth+}
   (You bought it in a shop on level 1 of the Vaults)

   *Fog:      It may release a thick cloud of smoke when the wearer is hurt.
   Slay-2:    It affects your accuracy & damage with ranged weapons and melee
   (-2).
   SInv:      It lets you see invisible.
   Stlth+:    It makes you more stealthy.
Jewellery
 a - the ring "Cucag" (right hand) {rF+ Dex+7 Stlth+}
   (You took it off a vault guard on level 5 of the Vaults)

   [ring of protection from fire]

   Dex+7:     It affects your dexterity (+7).
   rF+:       It protects you from fire.
   Stlth+:    It makes you more stealthy.
 h - an amulet of reflection (around neck)
   (You found it on level 1 of the Dungeon)
 y - the ring of Fojelauq (left hand) {rElec rPois rN++ Will- AC+4}
   (You found it on level 15 of the Dungeon)

   [ring of protection]

   AC+4:      It affects your AC (+4).
   rElec:     It insulates you from electricity.
   rPois:     It protects you from poison rN++: It greatly protects you from
   negative energy.
   Will-:     It decreases your willpower.
 G - a ring of protection from cold
   (You found it on level 9 of the Dungeon)
 S - the ring "Udant" {rPois Int+2 Slay+4 SInv Stlth+}
   (You took it off a deep elf death mage on level 3 of the Elven Halls)

   [ring of slaying]

   Int+2:     It affects your intelligence (+2).
   Slay+4:    It affects your accuracy & damage with ranged weapons and melee
   (+4).
   rPois:     It protects you from poison SInv: It lets you see invisible.
   Stlth+:    It makes you more stealthy.
 V - the ring of the Greedy {Fly rPois rN+ Str+3}
   (You found it on level 1 of the Vaults)

   [ring of poison resistance]

   Str+3:     It affects your strength (+3).
   rPois:     It protects you from poison rN+: It protects you from negative
   energy.
   Fly:       It grants you flight.
 X - a ring of willpower
   (You found it on level 3 of the Elven Halls)
Wands
 n - a wand of flame (155)
   (You found it on level 7 of the Dungeon)
 A - a wand of roots (19)
   (You found it on level 8 of the Dungeon)
 I - a wand of polymorph (11)
   (You found it on level 1 of the Lair of Beasts)
 J - a wand of paralysis (43)
   (You found it on level 4 of the Lair of Beasts)
 M - a wand of mindburst (16)
   (You found it on level 2 of the Lair of Beasts)
 N - a wand of quicksilver (14)
   (You found it on level 2 of the Lair of Beasts)
Scrolls
 d - 6 scrolls of teleportation {@r4}
 f - 10 scrolls of poison {!r}
 k - a scroll of silence {!r}
 l - 6 scrolls of amnesia
 p - 8 scrolls of blinking {!r}
 t - 6 scrolls of fear
 C - 11 scrolls of immolation {!r!r}
 F - 5 scrolls of fog
 H - 3 scrolls of vulnerability {!r!r}
 O - a scroll of enchant armour
 Q - 5 scrolls of identify {@r1}
 R - 2 scrolls of enchant weapon
 Y - a scroll of brand weapon
Potions
 c - 2 potions of invisibility
 e - 2 potions of cancellation
 g - 5 potions of mutation {!q}
 i - 24 potions of curing {@q1}
 m - 9 potions of heal wounds {@q2}
 o - 9 potions of berserk rage {!q}
 q - 5 potions of attraction {!q}
 r - 7 potions of brilliance
 s - 6 potions of resistance
 v - 3 potions of ambrosia
 x - 5 potions of might
 z - 14 potions of haste {@q3}
 D - 7 potions of magic
 E - 8 potions of enlightenment
Miscellaneous
 L - a phial of floods
   (You found it on level 11 of the Dungeon)
 T - a phantom mirror
   (You found it on level 5 of the Lair of Beasts)
 U - a lightning rod (4/4)
   (You found it in a wizard's laboratory)
 W - a tin of tremorstones (1/2) {throwing}
   (You found it on level 1 of the Swamp)

Dungeon Overview and Level Annotations

Branches:
Dungeon (15/15) Zot: 24802  Temple (0/1) D:4            Lair (5/5) D:11 Zot: 21338
  Swamp (4/4) Lair:2 Zot: 19408  Spider (4/4) Lair:3 Zot: 16299   Slime (0/5) Lair:5
    Orc (2/2) D:9 Zot: 9848     Elf (3/3) Orc:2 Zot: 14427  Vaults (5/5) D:13 Zot: 18974
  Crypt (0/3) Vaults:3     Depths (4/4) D:15 Zot: 17153 Ossuary (visited)
 WizLab (visited)
    Zot: Depths:4

Altars:
Cheibriados
Dithmenos
Kikubaaqudgha
Makhleb
Okawaru
Qazlal
Ru
Vehumet
Wu Jian
Lugonu

Shops:
D:1 !   Orc:2 =(**   Vaults:1 *   Depths:2 [

Portals:
Hell: Depths:1 Depths:2 Depths:3
Abyss: Lair:5 Depths:3
Pandemonium: Depths:1 Depths:2 Depths:3
Ziggurat: Depths:3
Trove: D:12 (give 6 scrolls of fog)

Annotations:
D:4 exclusion: adder, Edmund, Pargi
D:7 1 runed translucent door, Tenar's ghost, novice DsCA
D:8 3 runed translucent doors, sanka2's ghost, novice SpGl
D:9 2 transporters, Nonseq's ghost, novice SpHu
Lair:3 Urug
Lair:5 exclusion: 4 oklob plants
Elf:2 3 runed translucent doors
Depths:1 exclusion: 3 doors
Depths:3 Mennas
Depths:4 Sojobo

###........ #.........#
#........ ..........###........
#.........##.........
#..~~............≈...
...................~.
....T....#.......~~~~
.......T.E......V~≈≈≈
......[..T.~.@..~≈≈≈i
........T~≈~..i.≈~~≈~
.Z..C≈.~≈≈~~.##...i~i
.≈~.T≈.~~≈~.....≈.D... ....#.
....~≈.~≈...T~.##.~~~~.... ....#
....~d.~≈~~C....#.......[.##....
~~~.....C~..........##.....#...#
~~.....~............# .....i...#
...~.....~..........# ..Q.D...##


You could see a fire giant, an ice dragon, an iron troll, a vampire knight
(wandering), 2 spriggan defenders, 2 deep trolls, 2 spriggan berserkers, a deep
troll earth mage and a water elemental (wandering).


Message History

You climb upwards.
There is a stone staircase leading down here.
There is an open door here.
There is an open door here.
There is a gate leading back out of this place here.
You go up through the gate.
Welcome back to the Dungeon!
There is a gate to the Vaults here.
There is an open door here.
There is a large open door here.
There is a stone staircase leading down here.
You climb downwards.
There is a stone staircase leading up here.
There is a stone staircase leading down here.
You climb downwards.
There is a stone staircase leading up here.
There is an open door, spattered with blood here.
There is a staircase to the Depths here.
You climb downwards.
Welcome back to the Depths!
Level annotation: exclusion: 3 doors
There is a staircase back to the Dungeon here.
There is a stone staircase leading down here.
You climb downwards.
There is a stone staircase leading up here.
You see here +0 fire dragon scales.
You see here a +0 troll leather armour.
There is a stone staircase leading down, spattered with blood here.
Things that are here:
a +0 animal skin; a +0 war axe {axe} You climb downwards.
Level annotation: Mennas
There is a stone staircase leading up here.
Things that are here:
a +0 robe; a +0 whip {mace}
There is a one-way gate to the infinite horrors of the Abyss here.
Things that are here:
a +0 robe; a +0 whip {mace}
There is an open door here.
There is a one-way gate leading to the halls of Pandemonium here.
There is an open door here.
There is an open door here.
There is a broken door here.
Okay, then.
Mennas gestures frantically.
Mennas's surroundings become eerily quiet.
Unknown command.
Mennas attacks as he pursues you!
Mennas hits you from afar with a +2 trishula of holy wrath!
You convulse!
Mennas hits you from afar with a +2 trishula of holy wrath!!
You convulse!!
With a swish of your cloak, you release a cloud of fog.
Mennas hits you from afar with a +2 trishula of holy wrath.
You convulse.
You block Mennas's attack. 😮 HP[-73]
You take 73 damage, and now have 123/196 hp.
MASSIVE DAMAGE!! (PAUSE) Unknown command.
There is an open door here. 😮 HP[+1] Unknown command.
Mennas attacks as he pursues you! Mennas misses you.
Mennas hits you from afar with a +2 trishula of holy wrath!
You convulse! 😮 HP[-20]
You take 20 damage, and now have 104/196 hp.
Mennas hits you from afar with a +2 trishula of holy wrath!!
* * * LOW HITPOINT WARNING * * *
You convulse!
* * * LOW HITPOINT WARNING * * *
Mennas hits you from afar with a +2 trishula of holy wrath!
* * * LOW HITPOINT WARNING * * *
You convulse!
* * * LOW HITPOINT WARNING * * *
😱 HP[-56]
You take 56 damage, and now have 48/196 hp.
MASSIVE DAMAGE!! (PAUSE) Mennas attacks as he pursues you!
Mennas is stunned by your conviction and fails to attack.
There is a stone staircase leading down here.
Unknown command.
Mennas hits you from afar with a +2 trishula of holy wrath.
* * * LOW HITPOINT WARNING * * *
You convulse.
* * * LOW HITPOINT WARNING * * *
Mennas hits you from afar with a +2 trishula of holy wrath!
* * * LOW HITPOINT WARNING * * *
You convulse.
* * * LOW HITPOINT WARNING * * *
Mennas gestures at you.
Mennas hits you from afar with a +2 trishula of holy wrath!
* * * LOW HITPOINT WARNING * * *
You convulse!
* * * LOW HITPOINT WARNING * * *
Mennas completely misses you.
You climb downwards.
Level annotation: Sojobo You redirect the ice dragon's attack!
The spriggan defender hits you with a +5 rapier of venom!
You die...

Skill      XL: |  1  2  3  4  5  6  7  8  9 10 11 12 13 14 15 16 17 18 19 20 21 22 23 |
---------------+----------------------------------------------------------------------+-----
Stealth        | 3 4 5 6 7 9 10 12 | 12.0
Hexes          | 4 5 6 7 10 11 16 19 21 | 21.0
Short Blades   | 2 4 6 7 8 10 11 | 11.2
Dodging        | 4 7 8 10 12 15 | 15.7
Fighting       | 1 4 6 10 12 14 16 18 20 | 20.0
Spellcasting   | 6 7 8 9 10 12 | 12.0
Conjurations   | 4 |  4.0
Poison Magic   | 4 |  4.0
Air Magic      | 3 4 5 6 |  6.0
Long Blades    | 6 12 14 | 14.8
Evocations     | 7 10 12 | 12.0

Action                     |  1- 3 |  4- 6 |  7- 9 | 10-12 | 13-15 | 16-18 | 19-21 | 22-24 || total
---------------------------+-------+-------+-------+-------+-------+-------+-------+-------++-------
  Melee: Dagger            |    42 |       |       |   353 |  1158 |       |       |       ||  1553
         Short sword       |    61 |    62 |   237 |   133 |       |       |       |       ||   493
         Touch             |    15 |     8 |    35 |   104 |   235 |   172 |   213 |   141 ||   923
         Punch             |       |       |     4 |     4 |    15 |    14 |    21 |    10 ||    68
         Double sword      |       |       |       |       |   140 |  1105 |  1118 |   731 ||  3094
         Headbutt          |       |       |       |       |       |       |   141 |   235 ||   376
   Cast: Ensorcelled Hiber |       |    10 |    49 |    38 |       |       |       |       ||    97
         Confusing Touch   |       |       |    15 |    66 |   203 |     1 |       |       ||   285
         Mephitic Cloud    |       |       |       |       |    12 |     1 |     1 |       ||    14
         Dazzling Flash    |       |       |       |       |    17 |    65 |     7 |     4 ||    93
         Sigil of Binding  |       |       |       |       |       |     1 |       |       ||     1
         Silence           |       |       |       |       |       |     5 |       |       ||     5
         Swiftness         |       |       |       |       |       |     1 |       |       ||     1
         Jinxbite          |       |       |       |       |       |       |     4 |       ||     4
         Enfeeble          |       |       |       |       |       |       |    10 |    58 ||    68
 Invoke: Sacrifice an Eye  |     1 |       |       |       |       |       |       |       ||     1
         Sacrifice Durabil |       |     1 |       |       |       |       |       |       ||     1
         Sacrifice Love    |       |       |     1 |       |       |       |       |       ||     1
         Reject Sacrifices |       |       |       |     1 |     1 |       |       |       ||     2
         Sacrifice Arcana  |       |       |       |     1 |       |       |       |       ||     1
         Sacrifice Forms   |       |       |       |     1 |       |       |       |       ||     1
         Apocalypse        |       |       |       |       |     4 |     7 |    10 |     6 ||    27
         Draw Out Power    |       |       |       |       |     1 |       |     1 |     2 ||     4
  Evoke: Wand              |       |       |       |     8 |    12 |    21 |     8 |     2 ||    51
         Phial of floods   |       |       |       |       |     1 |     1 |       |     1 ||     3
         Tin of tremorston |       |       |       |       |     2 |     3 |     3 |     3 ||    11
         Lightning rod     |       |       |       |       |       |       |       |     4 ||     4
    Use: Scroll            |       |       |     9 |     9 |    12 |    12 |     6 |    15 ||    63
         Potion            |       |       |     2 |       |     1 |     3 |     8 |    14 ||    28
   Stab: Sleeping          |    13 |    12 |    41 |    35 |    14 |    26 |    27 |     9 ||   177
         Paralysed         |       |     7 |    33 |    78 |   239 |    48 |    17 |    24 ||   446
         Confused          |       |       |     6 |    18 |    87 |     6 |     1 |       ||   118
         Distracted        |       |       |       |     3 |    12 |    19 |     9 |    10 ||    53
         Invisible         |       |       |       |       |    23 |    43 |    24 |    43 ||   133
         Petrified         |       |       |       |       |     1 |       |       |       ||     1
 Armour: Robe              |    24 |    14 |    77 |    11 |       |       |       |       ||   126
         Acid dragon scale |       |       |       |    29 |       |       |       |       ||    29
         Quicksilver drago |       |       |       |    63 |   348 |   592 |   345 |   343 ||  1691
  Dodge: Dodged            |    45 |    22 |   109 |   224 |   728 |  1015 |   728 |   451 ||  3322
         Repelled          |       |       |       |       |     5 |    11 |     9 |     6 ||    31
  Block: Other             |     3 |     9 |    33 |    44 |   182 |   215 |   146 |   102 ||   734
         Reflection        |       |     1 |     1 |     1 |    11 |     5 |     5 |     2 ||    26

Levels and vault maps discovered:
D:1:      minmay_arrival_doors, layout_loops_ring,
          shapermc_ecumenical_altar_flowoftime, serial_shops,
          nicolae_shop_back_alley_shop
D:2:      layout_basic
D:3:      layout_rooms
D:4:      layout_basic, mainiacjoe_overflow_swirl, minmay_temple_entry_junction,
          uniq_pargi, uniq_edmund, uniq_menkaure
D:5:      layout_basic, grunt_temple_overflow_open,
          mainiacjoe_overflow_six_doors_small, moated_statue
D:6:      layout_rooms, slow_altar_1
D:7:      layout_rooms, vehumet_crystals, ebering_ghost_reflecting_pool,
          minivault_23, uniq_jeremiah
D:8:      layout_loops_ring, biasface_ghost_orc_armoury,
          nicolae_ossuary_entry_monument
D:9:      layout_rooms, erik_orc_4, gammafunk_ghost_smash
D:10:     layout_irregular_city, chequers_serial_rivers_micro_b, grunt_decor_cap
D:11:     cheibrodos_breeding_chamber, layout_basic
D:12:     nicolae_cairo_tiling_large, layout_irregular_city, enter_trove_6
D:13:     layout_irregular_city, david_vaults_1
D:14:     minmay_connected_triangles_in_corner, layout_long_grid,
          hangedman_decor_opposing, blue_anna_alchemist
D:15:     gammafunk_enter_depths_forms, layout_long_grid, nicolae_two_hexagons,
          hellmonk_guarded_unrand_zhor
Lair:1:   layout_cave_pods
Lair:2:   layout_gridlike, swamp_mist, grunt_megastairs_3
Lair:3:   layout_hall_layers, nicolae_spider_entry_lesser_pyramids, basic_altar,
          serial_bayou_shore_a, uniq_urug
Lair:4:   layout_regular_city, infiniplex_staircase_pool_2
Lair:5:   hellmonk_lair_end_abyssal_woods, layout_gridlike,
          minmay_slime_entry_oklob_enclosed, special_room [special_room_bee]
Swamp:1:  cheibrodos_swamp_tower_of_moss, layout_basic_swamp,
          evilmike_swamp_ruin_house_4, swamp_pool5, uniq_jorgrun
Swamp:2:  layout_basic_swamp, nicolae_swamp_round_clearing, swamp_pool1,
          nicolae_swamp_baby_hydras, infiniplex_staircase_pool
Swamp:3:  layout_basic_swamp, nicolae_swamp_tree_isthmus
Swamp:4:  swamp, layout_basic_swamp
Spider:1: nicolae_spider_hilbert_zone_3 [nicolae_spider_hilbert_4_sides_2_open,
          nicolae_spider_hilbert_3_sides_1_open,
          nicolae_spider_hilbert_3_sides_1_open,
          nicolae_spider_hilbert_3_sides_1_open,
          nicolae_spider_hilbert_3_sides_1_open,
          nicolae_spider_hilbert_4_sides_1_open,
          nicolae_spider_hilbert_4_sides_1_open,
          nicolae_spider_hilbert_4_sides_1_open,
          nicolae_spider_hilbert_4_sides_1_open,
          nicolae_spider_hilbert_4_sides_1_open,
          nicolae_spider_hilbert_4_sides_1_open,
          nicolae_spider_hilbert_4_sides_1_open,
          nicolae_spider_hilbert_4_sides_1_open,
          nicolae_spider_hilbert_3_sides_1_open,
          nicolae_spider_hilbert_3_sides_1_open,
          nicolae_spider_hilbert_3_sides_1_open,
          nicolae_spider_hilbert_3_sides_1_open]
Spider:2: layout_spider_delve, hangedman_spider_mandibles
Spider:3: layout_spider_delve, uniq_arachne
Spider:4: spider_rune_water, drop_trap, nicolae_spider_not_touching_you,
          uniq_aizul, uniq_kirke
Orc:1:    layout_caves, uniq_sonja
Orc:2:    st_orc_town, layout_diamond_mine, uniq_donald
Elf:1:    layout_onion_city, kennysheep_underground_church
Elf:2:    nicolae_elf_blades_crystal_corner, layout_geoelf_grid,
          nicolae_elf_free_trip_to_the_abyss, uniq_agnes
Elf:3:    elf_hall, layout_loops_ring, nicolae_fountain_basement
Vaults:1: mu_enter_wizlab_1, grunt_vaults_bifocal, ontoclasm_vaults_eye,
          nicolae_vaults_shrinking_rooms_2, minmay_guarded_unrand_guard_vaults,
          nicolae_vaults_bisected_exclaves, ontoclasm_vaults_spin, v_misc_30,
          nicolae_vaults_wrenched, layout_vaults_chaotic_city, serial_shops,
          nicolae_shop_tiny_real_fake_doors
Vaults:2: nicolae_vaults_twisting_passages,
          nicolae_vaults_doubleplus_tesselated, nicolae_vaults_apartment_1,
          nicolae_vaults_shelves_hall, nicolae_vaults_little_squares_6,
          nicolae_vaults_prndl, nicolae_vaults_closet_pinwheel_4,
          vaults_dpeg_spiral, nicolae_vaults_quartermaster, v_misc_11,
          hangedman_vaults_variations, nicolae_vaults_wine_cellar,
          layout_vaults_omnicross, uniq_bai_suzhen
Vaults:3: dpeg_vaults_monster_box, minmay_crypt_entry_necro_gods,
          v_alt_pattern_1, v_misc_29, nicolae_vaults_ellipses_ellipsis,
          nicolae_vaults_two_Ls, grunt_vaults_twisty,
          nicolae_vaults_cornered_office, nicolae_vaults_circle_grid_b,
          nicolae_vaults_mini_display_case, layout_vaults_ring, uniq_frederick
Vaults:4: nicolae_vaults_three_branches, nicolae_vaults_shelves_hall,
          nicolae_vaults_circle_grid_b, nicolae_vaults_trapezoid_layered,
          ontoclasm_vaults_loading_screen, nicolae_vaults_surprise_closet,
          nicolae_vaults_storage_closets_1, nicolae_vaults_alarming,
          layout_vaults_omnigrid, serial_shops, bzr_entry_gold, uniq_zenata
Vaults:5: uniq_margery
Depths:1: layout_cave_shapes, pf_hell_entry_great_geh, nicolae_twisting_strands,
          pan_entry, nicolae_rock_paper_scissors
Depths:2: minmay_isolated_rectangles_in_corner, layout_gridville,
          grunt_decor_one_mirror, serial_shops, shop_statue, hell_entry,
          pan_entry, dispersion_dpeg, uniq_saint_roka
Depths:3: minmay_polygon_palace, layout_gridville, enter_ziggurat_c, pan_entry,
          grunt_hell_entry_dis_grunt, kennysheep_path_1,
          nicolae_abyss_entry_one_way_or_another, uniq_mara, uniq_mennas
Depths:4: grunt_zot_entry_funnels, layout_cave_pools, pf_hell_entry_tar_river,
          serial_bayou_pond_c, uniq_sojobo

Notes
Turn   | Place    | Note
-------+----------+-------------------------------------------
     0 | D:1      | MackTheKnife the Demonspawn Enchanter began the quest for
                  | the Orb.
     0 | D:1      | Reached XP level 1. HP: 13/13 MP: 3/3
     0 | D:1      | magus.rc [v1.9.6]
    83 | D:1      | Reached skill level 3 in Stealth
    90 | D:1      | Gained mutation: Your touch may inflict minor irresistible
                  | damage on your foes. [demonic ancestry]
    90 | D:1      | Reached XP level 2. HP: 9/19 MP: 5/5
   356 | D:1      | Learned a level 2 spell: Ensorcelled Hibernation
   487 | D:1      | Found a faded altar of an unknown god.
   554 | D:1      | Prayed at the altar of an unknown god.
   554 | D:1      | Became a worshipper of Ru the Awakened
   579 | D:1      | Gained mutation: You are missing an eye, making it more
                  | difficult to aim. [Ru sacrifice]
   579 | D:1      | Reached * piety under Ru
   870 | D:1      | Gained mutation: Spells you cast may paralyse adjacent
                  | enemies. [demonic ancestry]
   870 | D:1      | Reached XP level 3. HP: 24/24 MP: 6/6
   934 | D:1      | Found Zianeuch's Distillery.
   938 | D:1      | Bought a potion of curing for 36 gold pieces
   938 | D:1      | Bought a potion of curing for 36 gold pieces
  1894 | D:3      | Reached skill level 4 in Hexes
  2015 | D:3      | Gained mutation: Spells you cast may paralyse nearby
                  | enemies. [demonic ancestry]
  2015 | D:3      | Reached XP level 4. HP: 30/30 MP: 7/7
  2396 | D:4      | Noticed Pargi
  2472 | D:4      | Noticed Edmund
  2564 | D:4      | Reached skill level 4 in Stealth
  2575 | D:4      | Gained mutation: Your touch may inflict irresistible damage
                  | on your foes. [demonic ancestry]
  2575 | D:4      | Reached XP level 5. HP: 35/35 MP: 2/8
  2729 | D:4      | Noticed Menkaure
  2739 | D:4      | Killed Menkaure
  2740 | D:4      | Reached skill level 5 in Stealth
  2740 | D:4      | Reached skill level 5 in Hexes
  2740 | D:4      | Reached XP level 6. HP: 36/41 MP: 9/9
  2747 | D:4      | Gained mutation: You cannot train Armour skill. [Ru
                  | sacrifice]
  2747 | D:4      | Reached ** piety under Ru
  2784 | D:4      | Found a staircase to the Ecumenical Temple.
  3138 | D:4      | Reached skill level 1 in Short Blades
  3184 | D:4      | Found a stormy altar of Qazlal.
  3193 | D:4      | Found a shadowy altar of Dithmenos.
  3457 | D:5      | Entered Level 5 of the Dungeon
  3467 | D:5      | Found an ornate altar of the Wu Jian Council.
  3475 | D:5      | Found a basalt altar of Yredelemnul.
  3614 | D:5      | Learned a level 3 spell: Confusing Touch
  3682 | D:5      | Found an ancient bone altar of Kikubaaqudgha.
  3683 | D:5      | Found an iron altar of Okawaru.
  3704 | D:5      | Reached skill level 2 in Short Blades
  3772 | D:5      | Reached skill level 6 in Hexes
  3772 | D:5      | Gained mutation: You are surrounded by a mild repulsion
                  | field. (EV +2) [demonic ancestry]
  3772 | D:5      | Reached XP level 7. HP: 46/46 MP: 5/10
  3794 | D:5      | Reached skill level 3 in Short Blades
  3857 | D:5      | Identified the +8 hand axe of Sharing Terror {vamp, Dex+3}
  4054 | D:5      | Reached skill level 4 in Short Blades
  4145 | D:5      | Reached skill level 7 in Hexes
  4217 | D:5      | Noticed a wyvern
  4229 | D:5      | Reached XP level 8. HP: 52/52 MP: 8/11
  4416 | D:6      | Reached skill level 2 in Dodging
  4428 | D:5      | Reached skill level 5 in Short Blades
  4506 | D:6      | Found a snail-covered altar of Cheibriados.
  4793 | D:6      | Reached skill level 3 in Dodging
  4865 | D:6      | HP: 13/52 [something (8)]
  4870 | D:6      | HP: 12/52 [something (2)]
  4874 | D:6      | HP: 5/52 [something (5)]
  5069 | D:6      | Reached skill level 6 in Stealth
  5215 | D:6      | Reached skill level 6 in Short Blades
  5215 | D:6      | Reached skill level 4 in Dodging
  5239 | D:6      | Reached skill level 1 in Fighting
  5239 | D:6      | Gained mutation: Your demonic aura sometimes causes spilled
                  | blood to erupt in flames. [demonic ancestry]
  5239 | D:6      | Reached XP level 9. HP: 59/59 MP: 9/12
  5302 | D:6      | Reached skill level 2 in Fighting
  5481 | D:7      | Found a radiant altar of Vehumet.
  5487 | D:7      | Reached skill level 3 in Fighting
  5524 | D:7      | Noticed Jeremiah
  5670 | D:6      | magus.rc [v1.9.6]
  5730 | D:7      | Gained mutation: You are hated by all. [Ru sacrifice]
  5730 | D:7      | Reached *** piety under Ru
  5730 | D:7      | Reached **** piety under Ru
  5896 | D:7      | Reached skill level 4 in Fighting
  6039 | D:7      | Reached skill level 3 in Spellcasting
  6150 | D:7      | Killed Jeremiah
  6151 | D:7      | Reached skill level 4 in Spellcasting
  6234 | D:7      | Reached skill level 5 in Spellcasting
  6442 | D:7      | Found a runed translucent door.
  6445 | D:7      | Noticed Tenar's ghost (novice DsCA)
  6501 | D:8      | You pick up a book of Sloth and begin reading...
  6501 | D:8      | You add the spells Frozen Ramparts, Petrify and Metabolic
                  | Englaciation to your library.
  6580 | D:8      | Reached skill level 6 in Spellcasting
  6762 | D:8      | Reached skill level 7 in Stealth
  6824 | D:8      | Found a sand-covered staircase.
  6844 | Ossuary  | Entered an ossuary
  6986 | Ossuary  | Gained mutation: Your demonic aura often causes spilled
                  | blood to erupt in flames. [demonic ancestry]
  6986 | Ossuary  | Reached XP level 10. HP: 71/71 MP: 19/19
  7402 | D:8      | Found a runed translucent gate.
  7403 | D:8      | Found a runed translucent gate.
  7404 | D:8      | Found a runed translucent gate.
  7405 | D:8      | Noticed sanka2's ghost (novice SpGl)
  7410 | D:8      | Identified the +1 plate armour of Solemn Contentment {rElec
                  | rCorr Str+3}
  7568 | D:8      | Reached skill level 8 in Stealth
  7793 | D:9      | Found a transporter.
  7818 | D:9      | Reached skill level 5 in Fighting
  7994 | D:9      | Reached skill level 6 in Fighting
  8007 | D:9      | Noticed a two-headed ogre
  8024 | D:9      | Noticed Nonseq's ghost (novice SpHu)
  8030 | D:9      | Noticed a two-headed ogre
  8033 | D:9      | Noticed a two-headed ogre
  8071 | D:9      | Killed a two-headed ogre
  8167 | D:9      | Identified the +2 dire flail "Xichegg" {chaos, rN+}
  8167 | D:9      | Identified the +9 great mace "Embalmer" {protect, rN+}
  8167 | D:9      | Noticed a two-headed ogre
  8168 | D:9      | Found a transporter.
  8183 | D:9      | Reached skill level 7 in Short Blades
  8189 | D:9      | Reached skill level 9 in Stealth
  8364 | D:9      | Found a staircase to the Orcish Mines.
  8434 | D:9      | Noticed a two-headed ogre
  8473 | D:9      | Killed a two-headed ogre
  8474 | D:9      | Gained mutation: You are surrounded by a moderate repulsion
                  | field. (EV +3) [demonic ancestry]
  8474 | D:9      | Reached XP level 11. HP: 81/81 MP: 14/20
  8772 | D:10     | Entered Level 10 of the Dungeon
  8899 | D:10     | You pick up a book of Iron and begin reading...
  9139 | D:10     | Reached skill level 8 in Short Blades
  9155 | D:9      | Reached skill level 10 in Stealth
  9644 | D:11     | Found a staircase to the Lair.
  9648 | D:11     | Reached skill level 8 in Hexes
  9651 | D:11     | You pick up a book of Frost and begin reading...
  9651 | D:11     | You add the spells Freeze and Hailstorm to your library.
  9732 | D:11     | You pick up a book of Minor Magic and begin reading...
  9732 | D:11     | You add the spells Magic Dart and Mephitic Cloud to your
                  | library.
  9891 | D:11     | Reached skill level 9 in Hexes
 10298 | D:11     | Noticed a purple ugly thing
 10299 | D:11     | Noticed a purple ugly thing
 10301 | D:11     | Noticed a purple ugly thing
 10306 | D:11     | Noticed a red ugly thing
 10307 | D:11     | Killed a purple ugly thing
 10315 | D:11     | Killed a purple ugly thing
 10342 | D:11     | Killed a red ugly thing
 10405 | D:11     | Noticed a purple ugly thing
 10409 | D:11     | Noticed a brown ugly thing
 10416 | D:11     | Killed a green ugly thing
 10417 | D:11     | Reached skill level 10 in Hexes
 10422 | D:11     | Killed a brown ugly thing
 10423 | D:11     | Reached skill level 5 in Dodging
 10425 | D:11     | Killed a cyan ugly thing
 10470 | D:11     | Identified the +4 leather armour of Keeni {SInv}
 10470 | D:11     | Noticed a wizard
 10477 | D:11     | Killed a wizard
 10518 | D:11     | Identified the quicksilver dragon scales "Jepnif" {Will+
                  | rCorr}
 10519 | D:11     | K - the quicksilver dragon scales "Jepnif" {Will+ rCorr,
                  | rare}
 10530 | D:11     | You finish putting on the quicksilver dragon scales
                  | "Jepnif" {Will+ rCorr, rare}.
 10663 | D:11     | Noticed a wizard
 10664 | D:11     | Noticed a red very ugly thing
 10689 | Lair:1   | Entered Level 1 of the Lair of Beasts
 10736 | Lair:1   | Reached skill level 6 in Dodging
 10797 | Lair:1   | You pick up a book of Death and begin reading...
 11104 | Lair:1   | Gained mutation: You cannot study or cast Ice magic. [Ru
                  | sacrifice]
 11104 | Lair:1   | Gained mutation: You cannot study or cast Transmutations
                  | magic. [Ru sacrifice]
 11104 | Lair:1   | Gained mutation: You cannot study or cast Necromancy magic.
                  | [Ru sacrifice]
 11104 | Lair:1   | Reached ***** piety under Ru
 11220 | Lair:1   | Reached skill level 7 in Dodging
 11238 | Lair:1   | Gained mutation: Your hexes are more powerful. [demonic
                  | ancestry]
 11238 | Lair:1   | Reached XP level 12. HP: 66/88 MP: 11/21
 11456 | Lair:1   | Learned a level 3 spell: Dazzling Flash
 11605 | Lair:1   | Reached skill level 8 in Dodging
 12297 | Lair:2   | Reached skill level 7 in Spellcasting
 12535 | Lair:2   | You pick up a book of the Moon and begin reading...
 12535 | Lair:2   | You add the spells Passage of Golubria, Silence and
                  | Lehudib's Crystal Spear to your library.
 12820 | Lair:2   | Reached skill level 11 in Hexes
 12938 | Lair:2   | Found a staircase to the Swamp.
 13071 | Lair:2   | Learned a level 3 spell: Mephitic Cloud
 13253 | Lair:3   | Gained mutation: You cannot voluntarily change form. [Ru
                  | sacrifice]
 13291 | Lair:3   | Reached skill level 1 in Conjurations
 13291 | Lair:3   | Reached skill level 1 in Poison Magic
 13296 | Lair:3   | Reached skill level 1 in Air Magic
 13354 | Lair:3   | Found a hole to the Spider Nest.
 13369 | Lair:3   | Reached skill level 2 in Conjurations
 13369 | Lair:3   | Reached skill level 2 in Poison Magic
 13425 | Lair:3   | Found a burning altar of Makhleb.
 13443 | Lair:3   | Reached skill level 2 in Air Magic
 13655 | Lair:3   | Reached skill level 3 in Conjurations
 13797 | Lair:3   | Noticed a four-headed hydra
 13801 | Lair:3   | Noticed Urug
 13820 | Lair:3   | Reached skill level 3 in Poison Magic
 13830 | Lair:3   | HP: 22/88 [Urug/+0 battleaxe of distortion (9)]
 14055 | Lair:4   | Reached skill level 3 in Air Magic
 14490 | Lair:4   | Noticed a seven-headed hydra
 14495 | Lair:4   | Killed a seven-headed hydra
 14508 | Lair:4   | Noticed a four-headed hydra
 14516 | Lair:4   | Killed a four-headed hydra
 14517 | Lair:4   | Reached skill level 4 in Conjurations
 14517 | Lair:4   | Reached skill level 4 in Poison Magic
 14517 | Lair:4   | Gained mutation: Your demonic aura causes all spilled blood
                  | to erupt in flames. [demonic ancestry]
 14517 | Lair:4   | Reached XP level 13. HP: 93/93 MP: 20/24
 14590 | Lair:4   | Reached skill level 4 in Air Magic
 14827 | Lair:4   | Reached skill level 8 in Spellcasting
 15202 | Lair:3   | You pick up a book of Displacement and begin reading...
 15202 | Lair:3   | You add the spells Lesser Beckoning, Gell's Gravitas and
                  | Teleport Other to your library.
 15535 | Lair:3   | Reached skill level 7 in Fighting
 15985 | Lair:5   | Entered Level 5 of the Lair of Beasts
 16003 | Lair:5   | Reached skill level 8 in Fighting
 16549 | Lair:4   | magus.rc [v1.9.6]
 16565 | Lair:4   | Reached skill level 11 in Stealth
 16944 | Lair:5   | Reached skill level 12 in Stealth
 17177 | Lair:5   | Reached skill level 9 in Fighting
 17614 | Lair:5   | Reached skill level 10 in Fighting
 17670 | Lair:5   | You pick up a book of Frost and begin reading...
 17725 | Lair:5   | Reached XP level 14. HP: 100/110 MP: 22/26
 17802 | Lair:5   | Found a corrupted altar of Lugonu.
 18360 | Lair:5   | Found a staircase to the Slime Pits.
 18474 | Lair:5   | Reached skill level 9 in Dodging
 18856 | Lair:5   | Reached skill level 10 in Dodging
 18870 | Lair:5   | Found a one-way gate to the infinite horrors of the Abyss.
 19121 | Orc:1    | Entered Level 1 of the Orcish Mines
 19123 | Orc:1    | Noticed Sonja
 19140 | Orc:1    | Killed Sonja
 19417 | Orc:2    | Entered Level 2 of the Orcish Mines
 19833 | Orc:2    | Reached skill level 9 in Short Blades
 20144 | Orc:2    | Found a staircase to the Elven Halls.
 20770 | Orc:2    | Noticed Donald
 20784 | Orc:2    | Killed Donald
 20785 | Orc:2    | Reached skill level 10 in Short Blades
 20954 | Orc:2    | Found Filaleis's General Store.
 20954 | Orc:2    | Found Luk Dam's Assorted Antiques.
 20960 | Orc:2    | Bought 2 potions of curing for 78 gold pieces
 20960 | Orc:2    | Bought a potion of haste for 130 gold pieces
 21019 | Orc:2    | Bought a murky purple potion for 31 gold pieces
 21231 | Orc:2    | Found Giriqa's Jewellery Emporium.
 21231 | Orc:2    | Found Faeg Teizxo's Weapon Shop.
 21246 | Orc:2    | Bought the +11 Singing Sword {sonic wave} for 1700 gold
                  | pieces
 21246 | Orc:2    | Found the +11 Singing Sword {sonic wave}
 21263 | Orc:2    | magus.rc [v1.9.6]
 21501 | D:12     | Reached skill level 1 in Long Blades
 21624 | D:12     | Reached skill level 2 in Long Blades
 21672 | D:12     | Found a portal to a secret trove of treasure.
 21807 | D:12     | You pick up a book of Displacement and begin reading...
 21814 | D:12     | Learned a level 5 spell: Silence
 22286 | D:13     | Reached skill level 3 in Long Blades
 22309 | D:13     | Reached skill level 4 in Long Blades
 22454 | D:13     | Found a gate to the Vaults.
 22537 | D:13     | Reached skill level 5 in Long Blades
 22632 | D:13     | Identified the +1 ring mail of the Raven {rC+ Str+2}
 23323 | D:14     | HP: 27/110 [mirror damage (4)]
 23331 | D:13     | Reached skill level 6 in Long Blades
 23906 | D:14     | Gained mutation: You are surrounded by a strong repulsion
                  | field. (EV +4, RMsl) [demonic ancestry]
 23906 | D:14     | Reached XP level 15. HP: 110/115 MP: 24/27
 23996 | D:14     | Reached skill level 7 in Long Blades
 24806 | D:15     | Entered Level 15 of the Dungeon
 25039 | D:15     | Reached skill level 8 in Long Blades
 25165 | D:15     | Found a staircase to the Depths.
 25456 | D:15     | Reached skill level 9 in Long Blades
 25849 | D:15     | Identified the ring of Fojelauq {rElec rPois rN++ Will-
                  | AC+4}
 25867 | D:15     | Found the +4 skin of Zhor {*Englaciate rC+++ SInv}
 26112 | D:14     | Reached skill level 10 in Long Blades
 26212 | D:14     | Noticed a tengu reaver
 26212 | D:14     | Noticed a sphinx
 26230 | D:14     | Killed a tengu reaver
 26253 | D:14     | Killed a sphinx
 26550 | Swamp:1  | Entered Level 1 of the Swamp
 26720 | Swamp:1  | Reached skill level 11 in Long Blades
 26889 | Swamp:1  | Noticed a thorn hunter
 26907 | Swamp:1  | Killed a thorn hunter
 27047 | Lair:2   | magus.rc [v1.9.6]
 27047 | Lair:2   | magus.rc [v1.9.6]
 27094 | Spider:1 | Entered Level 1 of the Spider Nest
 27479 | Spider:1 | Reached skill level 12 in Long Blades
 27982 | Spider:1 | Gained mutation: Your touch may irresistibly damage your
                  | foes and sap their willpower. [demonic ancestry]
 27982 | Spider:1 | Reached XP level 16. HP: 119/122 MP: 28/28
 28220 | Spider:1 | Reached skill level 13 in Long Blades
 28354 | Spider:1 | magus.rc [v1.9.6]
 29193 | Spider:2 | HP: 25/118 [barbs]
 29567 | Spider:2 | Reached skill level 14 in Long Blades
 29803 | Spider:2 | You pick up a book of Air and begin reading...
 29803 | Spider:2 | You add the spells Shock, Swiftness and Airstrike to your
                  | library.
 30263 | Spider:2 | Learned a level 3 spell: Swiftness
 30402 | Spider:2 | Identified the +0 pair of gloves of Supple Strength {Str+2}
 31211 | Spider:3 | You pick up a book of the Hunter and begin reading...
 31211 | Spider:3 | You add the spells Sigil of Binding, Dimensional Bullseye
                  | and Leda's Liquefaction to your library.
 31216 | Spider:3 | Learned a level 3 spell: Sigil of Binding
 31363 | Spider:3 | Reached skill level 11 in Fighting
 31694 | Spider:3 | Noticed Arachne
 31716 | Spider:3 | Killed Arachne
 32067 | Spider:4 | Entered Level 4 of the Spider Nest
 32166 | Spider:4 | Reached skill level 12 in Fighting
 32577 | Spider:4 | Reached XP level 17. HP: 135/135 MP: 29/29
 32584 | Spider:4 | You add the spells Blink and Manifold Assault to your
                  | library.
 32588 | Spider:4 | Learned a level 2 spell: Blink
 33069 | Spider:4 | Reached skill level 13 in Fighting
 33078 | Spider:3 | HP: 33/136 [poisoned by an emperor scorpion]
 33080 | Spider:3 | HP: 6/136 [poisoned by an emperor scorpion]
 33653 | Spider:4 | Noticed Kirke
 33661 | Spider:4 | Killed Kirke
 34271 | Spider:4 | Reached skill level 14 in Fighting
 34315 | Spider:4 | Identified the +0 scale mail of Understanding {Will+ Int-5
                  | Slay+6}
 34598 | Spider:4 | Noticed Aizul
 34636 | Spider:4 | Killed Aizul
 34637 | Spider:4 | Reached skill level 11 in Dodging
 34643 | Spider:4 | Got a gossamer rune of Zot
 35346 | Swamp:1  | Noticed Jorgrun
 35373 | Swamp:1  | Killed Jorgrun
 35726 | Swamp:1  | magus.rc [v1.9.6]
 35901 | Swamp:2  | Reached skill level 1 in Evocations
 36270 | Swamp:2  | Reached skill level 2 in Evocations
 36288 | Swamp:2  | Reached skill level 12 in Dodging
 36293 | Swamp:2  | Reached skill level 3 in Evocations
 36488 | Swamp:2  | Reached skill level 4 in Evocations
 36797 | Swamp:3  | You pick up a book of Unlife and begin reading...
 36989 | Swamp:3  | Reached skill level 5 in Evocations
 37307 | Swamp:3  | Reached skill level 6 in Evocations
 37431 | Swamp:4  | Entered Level 4 of the Swamp
 37549 | Swamp:4  | HP: 26/116 [spriggan rider/+0 spear (6)]
 37998 | Swamp:4  | Reached skill level 7 in Evocations
 38113 | Swamp:4  | Gained mutation: Spells you cast and wands you use may
                  | paralyse nearby enemies. [demonic ancestry]
 38113 | Swamp:4  | Reached XP level 18. HP: 96/135 MP: 27/30
 38203 | Swamp:3  | magus.rc [v1.9.6]
 38393 | Swamp:3  | Reached skill level 8 in Evocations
 38717 | Swamp:4  | Reached skill level 9 in Evocations
 38870 | Swamp:4  | Got a decaying rune of Zot
 39461 | Elf:1    | Entered Level 1 of the Elven Halls
 39468 | Elf:1    | Reached skill level 10 in Evocations
 39520 | Elf:1    | You pick up a book of the Tundra and begin reading...
 39944 | Elf:1    | Reached skill level 15 in Fighting
 40807 | Elf:2    | Found a runed translucent gate.
 40811 | Elf:2    | Found a runed translucent gate.
 40811 | Elf:2    | Found a runed translucent gate.
 41007 | Elf:2    | Reached skill level 16 in Fighting
 41157 | Elf:2    | Identified a scroll of acquirement
 41175 | Elf:2    | Acquired 926 gold pieces
 41266 | Elf:2    | Reached skill level 9 in Spellcasting
 41667 | Elf:3    | Entered Level 3 of the Elven Halls
 41794 | Elf:3    | Paralysed by an orc sorcerer for 4 turns
 42282 | Elf:3    | Reached skill level 5 in Air Magic
 42360 | Elf:3    | Identified the +3 leather armour of Ravioli {Will+ Int+2
                  | Dex-5}
 42362 | Elf:3    | Gained mutation: Your melee attacks may debilitate your
                  | foes. [demonic ancestry]
 42362 | Elf:3    | Reached XP level 19. HP: 135/154 MP: 23/32
 42364 | Elf:3    | Reached skill level 10 in Spellcasting
 42365 | Elf:3    | Reached skill level 6 in Air Magic
 42550 | Elf:3    | Identified the amulet "Xaradiatz" {RegenMP rC+}
 42559 | Elf:3    | Identified the ring "Udant" {rPois Int+2 Slay+4 SInv
                  | Stlth+}
 42610 | Elf:3    | Reached skill level 17 in Fighting
 42872 | Elf:3    | Identified the +1 helmet of Ikeugono {Dex+3}
 42886 | Elf:3    | Identified the +2 short sword "Behyd" {flame, *Corrode rC+
                  | Str+7 Int+2}
 42895 | Elf:3    | You pick up a book of Dreams and begin reading...
 42899 | Elf:3    | Learned a level 2 spell: Jinxbite
 42913 | Elf:3    | You pick up a book of Debilitation and begin reading...
 42920 | Elf:3    | Identified the +0 triple crossbow "Dyis" {penet, *Corrode
                  | Dex+3}
 42928 | Elf:3    | You pick up a book of Beasts and begin reading...
 42930 | Elf:3    | Got the Grimoire of Points and Vicissitude
 43238 | Vaults:1 | Entered Level 1 of the Vaults
 43301 | Vaults:1 | Found a magical portal.
 43306 | WizLab   | Entered Lehudib's Moon Base
 43740 | WizLab   | Found a transporter.
 43779 | WizLab   | Reached skill level 18 in Fighting
 43916 | WizLab   | Identified the amulet "Doirona" {RegenMP +Inv Dex+3}
 43984 | WizLab   | Found a transporter.
 44021 | WizLab   | Gained mutation: Your muscles are strong. (Str +4, Int/Dex
                  | -1) [a neqoxec]
 44025 | WizLab   | Gained mutation: You are dopey. (Int -2) [a neqoxec]
 44956 | WizLab   | You pick up a book of the Spheres and begin reading...
 44956 | WizLab   | You add the spells Iskenderun's Battlesphere, Fireball,
                  | Conjure Ball Lightning and Orb of Destruction to your
                  | library.
 44962 | WizLab   | Identified the ring "Fuff" {Fly Int+2}
 44993 | WizLab   | Got Lehudib's Enchiridion on Combative Tephra
 45034 | Vaults:1 | You finish taking off the quicksilver dragon scales
                  | "Jepnif" {Will+ rCorr, rare}.
 45049 | Vaults:1 | You finish putting on the quicksilver dragon scales
                  | "Jepnif" {Will+ rCorr, rare}.
 45106 | Vaults:1 | Identified the +0 leather armour of the Hills {Int+4 Dex-5
                  | Slay+5}
 45202 | Vaults:1 | Reached skill level 11 in Evocations
 45264 | Vaults:1 | Identified the ring of the Greedy {Fly rPois rN+ Str+3}
 45427 | Vaults:1 | You pick up a book of Misfortune and begin reading...
 45427 | Vaults:1 | You add the spells Inner Flame and Enfeeble to your
                  | library.
 45436 | Vaults:1 | Learned a level 7 spell: Enfeeble
 45525 | Vaults:1 | You pick up a book of Touch and begin reading...
 45708 | Vaults:1 | Found Moah's General Store.
 45711 | Vaults:1 | Bought the +2 cloak of the Thief {*Fog Slay-2 SInv Stlth+}
                  | for 381 gold pieces
 45711 | Vaults:1 | Found the +2 cloak of the Thief {*Fog Slay-2 SInv Stlth+}
 45771 | Vaults:1 | Reached skill level 12 in Evocations
 45937 | Vaults:1 | Reached XP level 20. HP: 168/172 MP: 34/34
 46075 | Vaults:1 | Reached skill level 12 in Hexes
 46641 | Vaults:1 | Found the +5 glaive of the Guard {elec, spectral, AC+5}
 46847 | Vaults:1 | You pick up a book of the Moon and begin reading...
 47171 | Vaults:2 | Reached skill level 13 in Hexes
 47357 | Vaults:2 | Paralysed by a great orb of eyes for 4 turns
 47685 | Vaults:2 | Reached skill level 14 in Hexes
 47945 | Vaults:2 | Noticed Bai Suzhen
 47964 | Vaults:2 | Killed Bai Suzhen
 48526 | Vaults:2 | Reached skill level 15 in Hexes
 48743 | Vaults:2 | Lost mutation: Your muscles are strong. (Str +4, Int/Dex
                  | -1) [potion of mutation]
 48743 | Vaults:2 | Lost mutation: You are dopey. (Int -2) [potion of mutation]
 48743 | Vaults:2 | Gained mutation: Your spells are a little harder to cast,
                  | but a little more powerful. [potion of mutation]
 48743 | Vaults:2 | Gained mutation: Your body sometimes deteriorates upon
                  | taking damage. [potion of mutation]
 48743 | Vaults:2 | Gained mutation: Your system is resistant to poisons.
                  | (rPois) [potion of mutation]
 48744 | Vaults:2 | Lost mutation: Your system is resistant to poisons. (rPois)
                  | [potion of mutation]
 48744 | Vaults:2 | Lost mutation: Your body sometimes deteriorates upon taking
                  | damage. [potion of mutation]
 48744 | Vaults:2 | Lost mutation: Your spells are a little harder to cast, but
                  | a little more powerful. [potion of mutation]
 48744 | Vaults:2 | Gained mutation: You have an increased reservoir of magic.
                  | (+10% MP) [potion of mutation]
 48744 | Vaults:2 | Gained mutation: Your spells are a little harder to cast,
                  | but a little more powerful. [potion of mutation]
 48756 | Vaults:2 | Lost mutation: Your spells are a little harder to cast, but
                  | a little more powerful. [potion of mutation]
 48756 | Vaults:2 | Lost mutation: You have an increased reservoir of magic.
                  | (+10% MP) [potion of mutation]
 48756 | Vaults:2 | Gained mutation: Your muscles are strong. (Str +4, Int/Dex
                  | -1) [potion of mutation]
 48756 | Vaults:2 | Gained mutation: You are clumsy. (Dex -2) [potion of
                  | mutation]
 48756 | Vaults:2 | Gained mutation: Your muscles are very strong. (Str +8,
                  | Int/Dex -2) [potion of mutation]
 48757 | Vaults:2 | Lost mutation: You are clumsy. (Dex -2) [potion of
                  | mutation]
 48757 | Vaults:2 | Lost mutation: Your muscles are very strong. (Str +8,
                  | Int/Dex -2) [potion of mutation]
 48757 | Vaults:2 | Lost mutation: Your muscles are strong. (Str +4, Int/Dex
                  | -1) [potion of mutation]
 48757 | Vaults:2 | Gained mutation: You have sharp toenails. [potion of
                  | mutation]
 48757 | Vaults:2 | Gained mutation: Armour fits poorly on your strangely
                  | shaped body. [potion of mutation]
 48757 | Vaults:2 | Gained mutation: Your mind is acute. (Int +4, Str/Dex -1)
                  | [potion of mutation]
 48758 | Vaults:2 | Lost mutation: Armour fits poorly on your strangely shaped
                  | body. [potion of mutation]
 48758 | Vaults:2 | Lost mutation: You have sharp toenails. [potion of
                  | mutation]
 48758 | Vaults:2 | Gained mutation: You occasionally shout uncontrollably at
                  | your foes. [potion of mutation]
 48758 | Vaults:2 | Gained mutation: Your magical capacity is low. (-10% MP)
                  | [potion of mutation]
 48759 | Vaults:2 | Lost mutation: Your mind is acute. (Int +4, Str/Dex -1)
                  | [potion of mutation]
 48759 | Vaults:2 | Lost mutation: Your magical capacity is low. (-10% MP)
                  | [potion of mutation]
 48759 | Vaults:2 | Gained mutation: You have a pair of small horns on your
                  | head. [potion of mutation]
 48759 | Vaults:2 | Gained mutation: You have supernaturally acute eyesight.
                  | (SInv) [potion of mutation]
 48759 | Vaults:2 | Gained mutation: You sometimes lose your temper in combat.
                  | [potion of mutation]
 48759 | Vaults:2 | Gained mutation: Your skin changes colour to match your
                  | surroundings (Stealth+). [potion of mutation]
 48760 | Vaults:2 | Lost mutation: Your skin changes colour to match your
                  | surroundings (Stealth+). [potion of mutation]
 48760 | Vaults:2 | Lost mutation: You sometimes lose your temper in combat.
                  | [potion of mutation]
 48760 | Vaults:2 | Lost mutation: You have supernaturally acute eyesight.
                  | (SInv) [potion of mutation]
 48760 | Vaults:2 | Gained mutation: You have a pair of horns on your head.
                  | [potion of mutation]
 48760 | Vaults:2 | Gained mutation: You have a pair of large horns on your
                  | head. [potion of mutation]
 49110 | Vaults:3 | Reached skill level 16 in Hexes
 49119 | Vaults:3 | HP: 41/169 [war gargoyle/spray of metal splinters (16)]
 49124 | Vaults:3 | HP: 15/169 [vault warden/+0 battleaxe (10)]
 49164 | Vaults:3 | Found a staircase to the Crypt.
 49164 | Vaults:3 | Found an ancient bone altar of Kikubaaqudgha.
 49694 | Vaults:3 | Noticed Frederick
 49988 | Vaults:3 | Killed Frederick
 49989 | Vaults:3 | Reached XP level 21. HP: 176/178 MP: 31/35
 50045 | Vaults:3 | Reached skill level 17 in Hexes
 51042 | Vaults:4 | Found a flickering gateway to a bazaar.
 51068 | Bazaar   | Entered a bazaar
 51068 | Bazaar   | Found Zeos's Jewellery Boutique.
 51068 | Bazaar   | Found Etteud's Jewellery Boutique.
 51074 | Bazaar   | Found Hoth's Armour Emporium.
 51092 | Bazaar   | Found Kousatec's Assorted Antiques.
 51204 | Bazaar   | Bought a potion of heal wounds for 135 gold pieces
 51661 | Vaults:4 | Reached skill level 18 in Hexes
 51852 | Vaults:4 | Noticed Zenata
 51866 | Vaults:4 | Killed Zenata
 52196 | Vaults:4 | You are cast into the Abyss!
 52196 | Abyss:2  | Cast into level 2 of the Abyss (a wizard)
 52259 | Vaults:4 | You pass through the gate.
 52259 | Vaults:4 | Escaped the Abyss
 52996 | Depths:1 | Entered Level 1 of the Depths
 53234 | Depths:1 | You pick up a book of the Dragon and begin reading...
 53248 | Depths:1 | Reached skill level 11 in Spellcasting
 53261 | Depths:1 | Learned a level 4 spell: Cause Fear
 53608 | Depths:1 | Found a one-way gate leading to the halls of Pandemonium.
 53981 | Depths:1 | Found a gateway to Hell.
 54459 | Depths:1 | Identified the +1 double sword "Ynustih" {venom, rElec
                  | Str+2}
 54459 | Depths:1 | Identified the +6 double sword of Outrage {venom, *Rage
                  | rElec rC+ Int+7}
 54561 | Depths:2 | Reached skill level 19 in Hexes
 54907 | Depths:2 | magus.rc [v1.9.6]
 55267 | Depths:2 | Reached skill level 11 in Short Blades
 55278 | Depths:2 | Reached skill level 12 in Spellcasting
 55317 | Depths:2 | Reached XP level 22. HP: 143/178 MP: 38/38
 55364 | Depths:2 | Noticed Saint Roka
 55381 | Depths:2 | Killed Saint Roka
 56035 | Depths:2 | You fall into a shaft and drop 2 floors!
 56035 | Depths:4 | Entered Level 4 of the Depths
 56041 | Depths:4 | Noticed Sojobo
 56074 | Depths:2 | Noticed a caustic shrike
 56074 | Depths:2 | Noticed a golden dragon
 56082 | Depths:2 | Killed a caustic shrike
 56083 | Depths:2 | Reached skill level 19 in Fighting
 56446 | Depths:2 | Found Aggaczyu's Antique Armour Emporium.
 56691 | Depths:2 | Killed a golden dragon
 56691 | Depths:2 | Identified +0 gold dragon scales
 57571 | Depths:3 | Paralysed by a floating eye for 4 turns
 57734 | Depths:3 | Noticed Mara
 57743 | Depths:3 | Noticed MackTheKnife's illusion
 57838 | Depths:3 | Noticed Louise
 57847 | Depths:3 | Killed Louise
 57849 | Depths:3 | Reached skill level 20 in Fighting
 57995 | Depths:3 | Noticed a golden dragon
 58003 | Depths:3 | Killed a golden dragon
 58083 | Depths:3 | Noticed a juggernaut
 58095 | Depths:3 | Killed a juggernaut
 58562 | Depths:3 | Killed Mara
 58667 | Depths:3 | Found a one-way gateway to a ziggurat.
 58801 | Depths:3 | You pick up a book of Blasting and begin reading...
 58801 | Depths:3 | You add the spells Volatile Blastmotes, Fulminant Prism and
                  | Iskenderun's Mystic Blast to your library.
 58855 | Depths:3 | Reached skill level 20 in Hexes
 59753 | Depths:3 | Noticed Mennas
 60132 | Vaults:5 | Entered Level 5 of the Vaults
 60787 | Vaults:5 | Identified the +7 short sword of the Queen {holy, rPois rC+
                  | Stlth+}
 60790 | Vaults:5 | You pick up a book of Touch and begin reading...
 60860 | Vaults:5 | Identified the ring "Cucag" {rF+ Dex+7 Stlth+}
 61104 | Vaults:5 | magus.rc [v1.9.6]
 61200 | Vaults:5 | You pick up a book of Decay and begin reading...
 61203 | Vaults:5 | You pick up a book of the Tundra and begin reading...
 61203 | Vaults:5 | quicksilver dragon scales {rare}; a quicksilver dragon
                  | skeleton
 61205 | Vaults:5 | You pick up a book of the Hunter and begin reading...
 61252 | Vaults:5 | Reached skill level 21 in Hexes
 61256 | Vaults:5 | magus.rc [v1.9.6]
 61301 | Vaults:5 | Noticed a dread lich
 61318 | Vaults:5 | Killed a dread lich
 61322 | Vaults:5 | Noticed an ancient lich
 61325 | Vaults:5 | Gained mutation: You are surrounded by an aura of silence.
                  | [demonic ancestry]
 61325 | Vaults:5 | Reached XP level 23. HP: 82/196 MP: 33/39
 61360 | Vaults:5 | HP: 44/194 [wind drake (glowing shapeshifter)/the air (21)]
 61511 | Vaults:5 | Reached skill level 13 in Dodging
 61948 | Vaults:5 | Got the Book of Assaults
 61951 | Vaults:5 | You pick up a book of Weapons and begin reading...
 61958 | Vaults:5 | You pick up a book of the Wilderness and begin reading...
 61960 | Vaults:5 | You pick up a book of Dangerous Friends and begin
                  | reading...
 62040 | Vaults:5 | Noticed Margery
 62045 | Vaults:5 | Reached skill level 14 in Dodging
 62060 | Vaults:5 | Killed Margery
 62076 | Vaults:5 | HP: 30/188 [vault warden/+2 dire flail (33)]
 62506 | Vaults:5 | Got a silver rune of Zot
 62593 | Vaults:5 | Killed an ancient lich
 62785 | Vaults:5 | Reached skill level 15 in Dodging
 62826 | Vaults:5 | +0 shadow dragon scales {rare}; a shadow dragon corpse
 63033 | Vaults:5 | You pick up a book of Annihilations and begin reading...
 63033 | Vaults:5 | You add the spells Chain Lightning, Fire Storm and Shatter
                  | to your library.
 63094 | Vaults:5 | Noticed a dread lich
 63101 | Vaults:5 | Killed a dread lich
 63193 | Vaults:5 | Got the Precepts of Toxicity and Nephomancy
 63317 | Vaults:5 | You pick up a book of Lightning and begin reading...
 63317 | Vaults:5 | You add the spells Vhi's Electric Charge and Plasma Beam to
                  | your library.
 63380 | Vaults:5 | Got Thaumaturgy, and How To Use It
 63443 | Vaults:5 | Got Kikubaaqudgha's Textbook on Resurrection
 63945 | Depths:3 | HP: 48/196 [Mennas/+2 trishula of holy wrath (7)]
 63947 | Depths:3 | HP: 16/196 [Mennas/+2 trishula of holy wrath (16)]
 63947 | Depths:3 | HP: 1/196 [Mennas/+2 trishula of holy wrath (15)]
 63948 | Depths:4 | Mangled by a spriggan defender

Vanquished Creatures
  2 dread liches (Vaults:5)
  An ancient lich (Vaults:5)
  Mara (Depths:3)
  A juggernaut (Depths:3)
  Margery (Vaults:5)
  Bai Suzhen (Vaults:2)
  Saint Roka (Depths:2)
  Frederick (Vaults:3)
  A caustic shrike (Depths:2)
  2 golden dragons
  Arachne (Spider:3)
  Jorgrun (Swamp:1)
  A tentacled monstrosity (Vaults:5)
  Zenata (Vaults:4)
  5 liches
  A moon troll (WizLab)
  2 deep elf master archers (Elf:3)
  3 quicksilver dragons
  2 walking frostbound tomes (Depths:1)
  4 titans (Vaults:5)
  2 deep elf blademasters (Elf:3)
  7 sphinxes
  10 tentacled starspawn (WizLab)
  Kirke (Spider:4)
  A thorn hunter (Swamp:1)
  Donald (Orc:2)
  Aizul (Spider:4)
  7 tengu reavers
  6 shadow dragons (Vaults:5)
  2 storm dragons
  4 fire giants
  10 frost giants
  7 deep elf sorcerers
  16 vault wardens
  2 iron dragons (Vaults:5)
  6 emperor scorpions
  7 deep elf elementalists (Elf:3)
  10 ghost moths
  Louise (Depths:3)
  A broodmother (Spider:3)
  27 very ugly things
  7 war gargoyles
  2 cacodemons (WizLab)
  19 ironbound preservers
  2 vampire knights
  2 formless jellyfish
  7 ironbound thunderhulks
  13 stone giants
  3 deep elf demonologists
  4 eleionomae
  5 dire elephants
  6 deep elf annihilators
  8 spark wasps
  4 bunyips
  9 deep elf death magi
  A crystal guardian (WizLab)
  A quicksilver dragon zombie (Depths:2)
  3 deep elf high priests
  3 shambling mangroves
  12 ettins
  2 jiangshi (Depths:1)
  12 yaktaur captains
  4 fire dragons
  2 entropy weavers (shapeshifter)
  A spriggan zombie (Depths:2)
  10 entropy weavers
  11 great orbs of eyes
  A peacekeeper (Vaults:2)
  4 ghost crabs
  29 hydras
  3 ogre magi
  33 vault guards
  A catoblepas (D:15)
  2 rakshasas (Depths:3)
  3 jorogumos
  10 ice dragons
  12 ironbound frosthearts
  5 spriggan air magi
  A hydra (shapeshifter) (Vaults:1)
  A death knight (D:14)
  A radroach (Spider:4)
  7 boulder beetles
  7 alligators
  9 centaur warriors
  12 dancing weapons
  3 tengu warriors
  9 two-headed ogres
  2 deep troll shamans
  2 orc high priests
  9 deep troll earth magi
  4 death yaks
  5 spriggan berserkers
  2 vampire magi (Depths:1)
  A death scarab (Spider:2)
  3 thrashing horrors (Lair:5)
  12 demonic crawlers
  A titan zombie (Depths:2)
  Sonja (Orc:1)
  10 hell knights (Vaults:5)
  2 iron trolls
  17 deep elf knights
  A wretched star (WizLab)
  A death drake (shapeshifter) (Vaults:5)
  5 goliath frogs
  5 pharaoh ants
  50 deep trolls
  A sea snake (shapeshifter) (Vaults:5)
  10 glowing orange brains
  3 sun moths
  7 swamp dragons (Swamp:4)
  An orange crystal statue (WizLab)
  A flayed ghost (D:14)
  3 spriggan druids (Swamp:4)
  9 orb spiders
  A lindwurm (shapeshifter) (Vaults:5)
  4 steelbarb worms
  2 bog bodies
  7 phantasmal warriors
  10 deep elf archers
  10 wizards
  14 lindwurms
  25 deep elf pyromancers
  A steelbarb worm (shapeshifter) (Vaults:5)
  5 orc knights
  A tengu zombie (Depths:1)
  19 ironbound convokers
  8 necromancers
  A stone giant zombie (Vaults:3)
  20 deep elf zephyrmancers
  2 will-o-the-wisps
  3 orc sorcerers
  21 wolf spiders
  6 cyclopes
  2 manticores
  15 harpies
  40 ugly things
  An iron dragon skeleton (Depths:2)
  4 moths of wrath
  4 black mambas
  An elephant (shapeshifter) (D:14)
  4 elephants (Lair:1)
  4 eyes of devastation (WizLab)
  19 vault sentinels
  A smoke demon (Lair:5)
  3 gargoyles
  7 torpor snails
  9 cane toads
  A titan simulacrum (Depths:2)
  Jeremiah (D:7)
  11 rime drakes
  An unseen horror (D:13)
  2 kobold demonologists
  A freezing wraith (D:13)
  5 komodo dragons
  A yaktaur skeleton (Vaults:3)
  A queen bee (Lair:5)
  11 yaktaurs
  A tengu conjurer (Depths:1)
  A komodo dragon (shapeshifter) (Vaults:5)
  3 meliai
  8 trolls
  3 polar bears
  2 bloated husks
  2 raiju (Lair:5)
  A shadow dragon simulacrum (Depths:1)
  2 tarantellas (shapeshifter)
  34 tarantellas
  A tengu simulacrum (Vaults:3)
  6 tyrant leeches
  A large abomination (Lair:5)
  19 hornets
  27 blink frogs
  29 slime creatures
  A fire giant simulacrum (Depths:1)
  7 dream sheep (Lair:3)
  33 jumping spiders
  25 culicivoras
  2 ettin zombies
  9 spriggans
  A vampire (D:14)
  3 humans
  2 ynoxinuls (Lair:5)
  A spriggan (shapeshifter) (Depths:4)
  3 air elementals
  8 starcursed masses (WizLab)
  A water elemental (Elf:2)
  3 wraiths
  6 wyverns
  7 fire elementals
  7 basilisks
  53 yaks
  A hog (Spider:4)
  9 vampire mosquitoes
  3 chaos spawn
  2 neqoxecs (WizLab)
  37 redbacks
  A redback (shapeshifter) (D:15)
  Menkaure (D:4)
  13 small abominations (Lair:5)
  2 acid dragons
  7 wargs
  13 swamp worms
  16 water moccasins
  A glowing shapeshifter zombie (Depths:2)
  A floating eye (Depths:3)
  40 orc warriors
  5 black bears
  2 ice beasts
  12 swamp drakes
  A sky beast (D:6)
  4 boggarts (Vaults:1)
  7 wolves
  14 centaurs
  7 ogres
  6 kobold brigands
  2 phantoms
  11 bullfrogs
  5 earth elementals
  A scorpion (shapeshifter) (Vaults:5)
  An entropy weaver simulacrum (Vaults:3)
  5 scorpions
  3 wights (D:9)
  A water moccasin zombie (Ossuary)
  29 killer bees
  An electric eel (Spider:2)
  6 howler monkeys
  4 centaur zombies (Ossuary)
  2 bullfrog zombies (Ossuary)
  5 jellies
  13 orc priests
  A gnoll bouda (D:7)
  5 hounds
  2 iguanas
  2 sleepcaps
  11 orc wizards
  4 hell rats (Lair:1)
  A scorpion zombie (Ossuary)
  An ogre zombie (Ossuary)
  2 mummies
  5 adders
  8 gnolls
  A shadow imp (D:8)
  2 white imps
  4 adder zombies (Ossuary)
  3 worms
  5 dart slugs
  67 orcs
  7 ball pythons
  2 bats
  4 endoplasms
  2 giant cockroaches
  5 gnoll zombies (Ossuary)
  4 goblins
  9 hobgoblins
  3 jackals (D:1)
  4 quokkas
  3 frilled lizards
  A goblin zombie (Ossuary)
  2 hobgoblin zombies (Ossuary)
  26 kobolds
  3 orc zombies (Ossuary)
  3 rats (D:1)
  4 starspawn tentacles (WizLab)
1757 creatures vanquished.

Vanquished Creatures (others)
  An emperor scorpion (Spider:4)
  A fire giant (Depths:3)
  A deep elf demonologist (Elf:3)
  A spark wasp (Depths:1)
  A yaktaur captain (Vaults:1)
  2 dancing weapons
  A spriggan (Swamp:3)
  A pharaoh ant (Spider:1)
  2 cyclopes (D:14)
  A bloated husk (Swamp:4)
  2 tarantellas (Spider:1)
  2 hornets
  A jumping spider (Lair:3)
  A culicivora (Spider:3)
  A yak (D:9)
  A vampire mosquito (Swamp:3)
  A swamp drake (Swamp:4)
  An ogre (Vaults:3)
  An iguana (D:6)
  3 orcs
  14 foxfires
  6 starspawn tentacles (WizLab)
46 creatures vanquished.

Grand Total: 1803 creatures vanquished

Table legend:
 A = Non-vault XP
 B = Vault XP
 C = Vault XP percentage of total XP
 D = Non-vault monster count
 E = Vault monster count
 F = Vault count percentage of total count
                 A         B        C        D         E       F
            +---------+---------+-------+---------+---------+-------
      Total |  467185 |  458724 |  49.5 |    1083 |     688 |  38.8
            +---------+---------+-------+---------+---------+-------
        D:1 |      49 |       0 |   0.0 |      26 |       0 |   0.0
        D:2 |      25 |       0 |   0.0 |       9 |       0 |   0.0
        D:3 |      39 |       0 |   0.0 |      12 |       0 |   0.0
        D:4 |     181 |     175 |  49.2 |      18 |       1 |   5.3
        D:5 |    1236 |       0 |   0.0 |      19 |       0 |   0.0
        D:6 |    1236 |      18 |   1.4 |      28 |       1 |   3.4
        D:7 |     976 |     400 |  29.1 |      21 |       1 |   4.5
        D:8 |    1479 |       0 |   0.0 |      26 |       0 |   0.0
        D:9 |    4455 |     758 |  14.5 |      20 |      17 |  45.9
       D:10 |    1494 |       0 |   0.0 |      12 |       0 |   0.0
       D:11 |    2014 |    4120 |  67.2 |       8 |       7 |  46.7
       D:12 |    2761 |       0 |   0.0 |      13 |       0 |   0.0
       D:13 |    6495 |    3161 |  32.7 |      16 |       5 |  23.8
       D:14 |   11852 |    6250 |  34.5 |      28 |       9 |  24.3
       D:15 |    5688 |   10522 |  64.9 |      15 |      24 |  61.5
     Lair:1 |    7353 |       0 |   0.0 |      33 |       0 |   0.0
     Lair:2 |    2676 |     283 |   9.6 |      12 |       2 |  14.3
     Lair:3 |    7651 |    1711 |  18.3 |      31 |       5 |  13.9
     Lair:4 |    7353 |     317 |   4.1 |      22 |       1 |   4.3
     Lair:5 |   13062 |   15704 |  54.6 |      41 |      72 |  63.7
    Swamp:1 |    7333 |    3745 |  33.8 |      15 |       5 |  25.0
    Swamp:2 |   12144 |    4294 |  26.1 |      24 |       5 |  17.2
    Swamp:3 |   10288 |     869 |   7.8 |      20 |       1 |   4.8
    Swamp:4 |   13913 |   16999 |  55.0 |      26 |      27 |  50.9
   Spider:1 |   16570 |    8592 |  34.1 |      49 |      17 |  25.8
   Spider:2 |   16012 |       0 |   0.0 |      41 |       0 |   0.0
   Spider:3 |   21215 |    3238 |  13.2 |      39 |       2 |   4.9
   Spider:4 |   19294 |   21609 |  52.8 |      38 |      40 |  51.3
      Orc:1 |    1536 |     778 |  33.6 |       8 |       1 |  11.1
      Orc:2 |    2249 |    7974 |  78.0 |      16 |      59 |  78.7
      Elf:1 |   20842 |    4838 |  18.8 |      38 |       8 |  17.4
      Elf:2 |   15555 |    3529 |  18.5 |      29 |       4 |  12.1
      Elf:3 |   14969 |   33842 |  69.3 |      27 |      33 |  55.0
   Vaults:1 |   19700 |   26523 |  57.4 |      32 |      35 |  52.2
   Vaults:2 |   11679 |   35339 |  75.2 |      21 |      46 |  68.7
   Vaults:3 |   39803 |   21336 |  34.9 |      53 |      26 |  32.9
   Vaults:4 |   27002 |   10338 |  27.7 |      48 |      11 |  18.6
   Vaults:5 |   16099 |  112780 |  87.5 |      20 |     100 |  83.3
   Depths:1 |   24511 |    5144 |  17.3 |      32 |       5 |  13.5
   Depths:2 |   51503 |   22916 |  30.8 |      61 |      28 |  31.5
   Depths:3 |   20864 |   24003 |  53.5 |      23 |      17 |  42.5
   Depths:4 |    2991 |       0 |   0.0 |       5 |       0 |   0.0
    Ossuary |       0 |     472 | 100.0 |       0 |      25 | 100.0
     WizLab |    3038 |   46147 |  93.8 |       8 |      48 |  85.7
            +---------+---------+-------+---------+---------+-------

Skill      XL: |  1  2  3  4  5  6  7  8  9 10 11 12 13 14 15 16 17 18 19 20 21 22 23 |
---------------+----------------------------------------------------------------------+-----
Stealth        | 3 4 5 6 7 9 10 12 | 12.0
Hexes          | 4 5 6 7 10 11 16 19 21 | 21.0
Short Blades   | 2 4 6 7 8 10 11 | 11.2
Dodging        | 4 7 8 10 12 15 | 15.7
Fighting       | 1 4 6 10 12 14 16 18 20 | 20.0
Spellcasting   | 6 7 8 9 10 12 | 12.0
Conjurations   | 4 |  4.0
Poison Magic   | 4 |  4.0
Air Magic      | 3 4 5 6 |  6.0
Long Blades    | 6 12 14 | 14.8
Evocations     | 7 10 12 | 12.0

Action                     |  1- 3 |  4- 6 |  7- 9 | 10-12 | 13-15 | 16-18 | 19-21 | 22-24 || total
---------------------------+-------+-------+-------+-------+-------+-------+-------+-------++-------
  Melee: Dagger            |    42 |       |       |   353 |  1158 |       |       |       ||  1553
         Short sword       |    61 |    62 |   237 |   133 |       |       |       |       ||   493
         Touch             |    15 |     8 |    35 |   104 |   235 |   172 |   213 |   141 ||   923
         Punch             |       |       |     4 |     4 |    15 |    14 |    21 |    10 ||    68
         Double sword      |       |       |       |       |   140 |  1105 |  1118 |   731 ||  3094
         Headbutt          |       |       |       |       |       |       |   141 |   235 ||   376
   Cast: Ensorcelled Hiber |       |    10 |    49 |    38 |       |       |       |       ||    97
         Confusing Touch   |       |       |    15 |    66 |   203 |     1 |       |       ||   285
         Mephitic Cloud    |       |       |       |       |    12 |     1 |     1 |       ||    14
         Dazzling Flash    |       |       |       |       |    17 |    65 |     7 |     4 ||    93
         Sigil of Binding  |       |       |       |       |       |     1 |       |       ||     1
         Silence           |       |       |       |       |       |     5 |       |       ||     5
         Swiftness         |       |       |       |       |       |     1 |       |       ||     1
         Jinxbite          |       |       |       |       |       |       |     4 |       ||     4
         Enfeeble          |       |       |       |       |       |       |    10 |    58 ||    68
 Invoke: Sacrifice an Eye  |     1 |       |       |       |       |       |       |       ||     1
         Sacrifice Durabil |       |     1 |       |       |       |       |       |       ||     1
         Sacrifice Love    |       |       |     1 |       |       |       |       |       ||     1
         Reject Sacrifices |       |       |       |     1 |     1 |       |       |       ||     2
         Sacrifice Arcana  |       |       |       |     1 |       |       |       |       ||     1
         Sacrifice Forms   |       |       |       |     1 |       |       |       |       ||     1
         Apocalypse        |       |       |       |       |     4 |     7 |    10 |     6 ||    27
         Draw Out Power    |       |       |       |       |     1 |       |     1 |     2 ||     4
  Evoke: Wand              |       |       |       |     8 |    12 |    21 |     8 |     2 ||    51
         Phial of floods   |       |       |       |       |     1 |     1 |       |     1 ||     3
         Tin of tremorston |       |       |       |       |     2 |     3 |     3 |     3 ||    11
         Lightning rod     |       |       |       |       |       |       |       |     4 ||     4
    Use: Scroll            |       |       |     9 |     9 |    12 |    12 |     6 |    15 ||    63
         Potion            |       |       |     2 |       |     1 |     3 |     8 |    14 ||    28
   Stab: Sleeping          |    13 |    12 |    41 |    35 |    14 |    26 |    27 |     9 ||   177
         Paralysed         |       |     7 |    33 |    78 |   239 |    48 |    17 |    24 ||   446
         Confused          |       |       |     6 |    18 |    87 |     6 |     1 |       ||   118
         Distracted        |       |       |       |     3 |    12 |    19 |     9 |    10 ||    53
         Invisible         |       |       |       |       |    23 |    43 |    24 |    43 ||   133
         Petrified         |       |       |       |       |     1 |       |       |       ||     1
 Armour: Robe              |    24 |    14 |    77 |    11 |       |       |       |       ||   126
         Acid dragon scale |       |       |       |    29 |       |       |       |       ||    29
         Quicksilver drago |       |       |       |    63 |   348 |   592 |   345 |   343 ||  1691
  Dodge: Dodged            |    45 |    22 |   109 |   224 |   728 |  1015 |   728 |   451 ||  3322
         Repelled          |       |       |       |       |     5 |    11 |     9 |     6 ||    31
  Block: Other             |     3 |     9 |    33 |    44 |   182 |   215 |   146 |   102 ||   734
         Reflection        |       |     1 |     1 |     1 |    11 |     5 |     5 |     2 ||    26

Illustrated notes

Table legend:
 A = Kills in this place as a percentage of kills in the entire game.
 B = Kills by you in this place as a percentage of kills by you in the entire game.
 C = Kills by friends in this place as a percentage of kills by friends in the entire game.
 D = Other kills in this place as a percentage of other kills in the entire game.
 E = Experience gained in this place as a percentage of experience gained in the entire game.
 F = Experience gained in this place divided by the number of levels of this place that you have seen.
                   A       B       C       D       E      F
               +-------+-------+-------+-------+-------+----------------------
         Total | 100.0 | 100.0 |   N/A | 100.0 | 100.0 | 20128.5
       Dungeon |  19.0 |  18.9 |   N/A |  25.0 |   7.1 | 4358.9
          Lair |  12.4 |  12.4 |   N/A |  10.7 |   6.1 | 11222.0
         Swamp |   6.9 |   6.8 |   N/A |  14.3 |   7.5 | 17396.2
   Spider Nest |  12.8 |  12.7 |   N/A |  17.9 |  11.5 | 26632.5
  Orcish Mines |   4.7 |   4.6 |   N/A |  10.7 |   1.4 | 6268.5
   Elven Halls |   7.8 |   7.9 |   N/A |   7.1 |  10.1 | 31191.7
        Vaults |  22.1 |  22.4 |   N/A |   3.6 |  34.6 | 64119.8
        Depths |   9.7 |   9.6 |   N/A |  10.7 |  16.4 | 37983.0
       Ossuary |   1.4 |   1.4 |   N/A |   0.0 |   0.1 | 472.0
        Wizlab |   3.2 |   3.2 |   N/A |   0.0 |   5.3 | 49185.0
               +-------+-------+-------+-------+-------+----------------------

Table legend: (Time is in decaauts)
 A = Elapsed time spent in this place.
 B = Non-inter-level travel time spent in this place.
 C = Inter-level travel time spent in this place.
 D = Time resting spent in this place.
 E = Time spent auto-exploring this place.
 F = Levels seen in this place.
 G = Mean time per level.
                   A        B        C        D        E       F      G
               +--------+--------+--------+--------+--------+-----+--------+
         Total |  62671 |  58765 |   3906 |  13754 |  32541 |  46 | 1362.4 |
       Dungeon |  15972 |  14450 |   1522 |   1648 |   9945 |  15 | 1064.8 |
          Lair |   8661 |   8253 |    408 |   1584 |   5147 |   5 | 1732.2 |
         Swamp |   4591 |   4427 |    164 |   1496 |   2111 |   4 | 1147.8 |
   Spider Nest |   7700 |   7259 |    441 |   2766 |   3075 |   4 | 1925.0 |
  Orcish Mines |   2151 |   1994 |    157 |    373 |   1078 |   2 | 1075.5 |
   Elven Halls |   3573 |   3420 |    153 |    406 |   2211 |   3 | 1191.0 |
        Vaults |  11025 |  10518 |    507 |   2633 |   5411 |   5 | 2205.0 |
        Depths |   6845 |   6294 |    551 |   2295 |   2654 |   4 | 1711.2 |
         Abyss |     62 |     62 |      0 |      0 |     55 |   1 |   62.0 |
        Bazaar |    162 |    162 |      0 |      0 |    103 |   1 |  162.0 |
       Ossuary |    235 |    235 |      0 |      0 |     94 |   1 |  235.0 |
        Wizlab |   1688 |   1688 |      0 |    551 |    656 |   1 | 1688.0 |
               +--------+--------+--------+--------+--------+-----+--------+

Top non-repeatable levels by time:
Vaults:5: 3334 daAuts
Depths:3: 2963 daAuts
Spider:1: 2545 daAuts
  Lair:5: 2457 daAuts
Spider:3: 2183 daAuts
Vaults:3: 2169 daAuts
Spider:4: 2167 daAuts
Vaults:1: 2136 daAuts
Depths:1: 2002 daAuts
Depths:2: 1829 daAuts
Vaults:2: 1786 daAuts
  Lair:4: 1733 daAuts
  Lair:3: 1715 daAuts
 Swamp:3: 1711 daAuts
  WizLab: 1688 daAuts
